 Dungeon Crawl Stone Soup version 0.30-a0-305-g026cb31310 (webtiles) character file.

Game seed: 16424399421539690267

163 twist the Ducker (level 5, -2/35 HPs)
             Began as a Djinni Fire Elementalist on Oct 21, 2022.
             Slain by a necrophage (7 damage)
             ... on level 5 of the Dungeon.
             The game lasted 00:05:02 (3199 turns).

twist the Ducker (Djinni Fire Elementalist)         Turns: 3199, Time: 00:05:03

Health: -2/35      AC:  3    Str:  7    XL:     5   Next: 73%
Gold:   129        EV: 12    Int: 18    God:
                   SH:  0    Dex: 14

rFire   + + .      SeeInvis .    f - +0 morningstar
rCold   x . .      Faith    .    (no shield)
rNeg    . . .      Spirit   .    l - +0 leather armour
rPois   ∞          Reflect  .    (no helmet)
rElec   .          Harm     .    (no cloak)
rCorr   .          Rampage  .    (no gloves)
Will    .....                    (boots unavailable)
Stlth   ++........               (no amulet)
HPRegen 0.25/turn                (no ring)
MPRegen 0.00/turn                (no ring)

@: flying
A: sickness immunity, fire resistance 2, cold vulnerability 1, float, innate
caster, HP casting, extra vitality 1
a: no special abilities


You were on level 5 of the Dungeon.
You visited 1 branch of the dungeon, and saw 5 of its levels.

You collected 129 gold pieces.

Inventory:

Hand Weapons
 f - a +0 morningstar (weapon)
 h - a +2 falchion of flaming
 j - a +0 mace of holy wrath
Missiles
 m - 2 poisoned darts
Armour
 a - a +0 robe
 l - a +0 leather armour (worn)
Scrolls
 c - 6 scrolls of identify
 k - 2 scrolls of teleportation
 n - 2 scrolls of blinking {unknown}
Potions
 b - 2 potions of degeneration {unknown}
 d - 7 potions of curing
 e - a potion of attraction {unknown}
 g - 2 potions of haste {unknown}
 i - 2 potions of heal wounds {unknown}


   Skills:
 + Level 3.8 Dodging
 + Level 3.0 Stealth
 + Level 3.3 Spellcasting


You couldn't memorise any spells.
You knew the following spells:

 Your Spells              Type           Power      Damage    Failure   Level
a - Foxfire               Conj/Fire      56%        2x1d6     6%          1
b - Scorch                Fire           28%        2d6       10%         2
c - Kindle Blastsparks    Fire/Tloc/Air  28%        2d12      19%         3
d - Inner Flame           Hex/Fire       14%        N/A       19%         3
e - Flame Wave            Conj/Fire      14%        2d6       52%         4
f - Sting                 Tmut/Pois      56%        1d5       6%          1
g - Searing Ray           Conj           28%        2d5       10%         2
Your spell library was empty.

Dungeon Overview and Level Annotations

Branches:
Dungeon (5/15)
 Temple: D:4-7

Altars:

Shops:
D:2 [

Annotations:
D:4 Dowan, Duvessa, Sigmund


Innate Abilities, Weirdness & Mutations

You are immune to sickness and miasma.
You are immune to poison.
Your flesh is very heat resistant. (rF++)
You are vulnerable to cold. (rC-)
You float through the air rather than walking.
You learn spells naturally, not from books.
Your magical power is your life essence.
You have superior vitality. (+4 MHP)


Message History

Confirm with . or Enter, or press ? or * to list all spells.
You conjure some foxfire!
The foxfire hits the necrophage but does no damage.
The necrophage is moderately damaged.
The foxfire hits the necrophage.
The necrophage is heavily damaged.
The necrophage hits you.
Casting: Foxfire (safe; 6% risk of failure)
Confirm with . or Enter, or press ? or * to list all spells.
You conjure some foxfire!
The foxfire hits the necrophage.
The necrophage is heavily damaged.
The foxfire hits the necrophage.
The necrophage is severely damaged.
The necrophage barely misses you.
Casting: Foxfire (safe; 6% risk of failure)
Confirm with . or Enter, or press ? or * to list all spells.
You conjure some foxfire!
The foxfire hits the necrophage.
The necrophage is severely damaged.
The foxfire hits the necrophage.
The necrophage is almost destroyed.
The necrophage hits you.
Casting: Foxfire (safe; 6% risk of failure)
Confirm with . or Enter, or press ? or * to list all spells.
You conjure some foxfire!
The foxfire hits the necrophage.
The necrophage is almost destroyed.
The foxfire hits the jelly.
The jelly is lightly wounded.
The necrophage hits you. The jelly hits you.
You are splashed with acid.
* * * LOW HITPOINT WARNING * * *
Your foxfire dissipates!
The foxfire hits the jelly.
The jelly is heavily wounded.
The jelly attacks as you move away! The jelly barely misses you.
The necrophage attacks as you move away!
The necrophage hits you.
* * * LOW HITPOINT WARNING * * *
The jelly attacks as you move away! The jelly barely misses you.
The necrophage attacks as you move away!
The necrophage hits you!
You die...

#.## ##.....#
##.###.####.#
##..#.##
##....##
##.....##
##.......##
#.........#
+.........+
#.....@...#
##...Jn..##
##.....##
##...##
.<....#
#.####>.#
#$.# #..#
....


You could see a necrophage and a jelly.

Vanquished Creatures
  2 orc priests (D:3)
  3 adders
  2 worms (D:3)
  6 dart slugs
  An orc (D:3)
  9 bats
  6 endoplasms
  3 giant cockroaches
  6 hobgoblins
  5 quokkas
  3 ball pythons
  3 frilled lizards
  4 kobolds
  5 rats
58 creatures vanquished.

Vanquished Creatures (others)
  446 foxfires
446 creatures vanquished.

Grand Total: 504 creatures vanquished

Notes
Turn   | Place    | Note
-------+----------+-------------------------------------------
     0 | D:1      | twist the Djinni Fire Elementalist began the quest for the
                  | Orb.
     0 | D:1      | twist set off with the following spells memorised: Foxfire,
                  | Scorch, Kindle Blastsparks, Inner Flame, Flame Wave.
     0 | D:1      | Reached XP level 1. HP: 15/15 MP: 0/0
   226 | D:1      | Reached XP level 2. HP: 19/21 MP: 0/0
   759 | D:1      | Reached XP level 3. HP: 17/25 MP: 0/0
   759 | D:1      | Learned a level 1 spell: Sting
  1826 | D:2      | Reached XP level 4. HP: 26/31 MP: 0/0
  2024 | D:2      | Found Uffiusah's Armour Shoppe.
  2232 | D:3      | Reached XP level 5. HP: 13/35 MP: 0/0
  2232 | D:3      | Learned a level 2 spell: Searing Ray
  3012 | D:4      | Noticed Dowan
  3013 | D:4      | Noticed Duvessa
  3031 | D:4      | Noticed Sigmund
  3052 | D:5      | Entered Level 5 of the Dungeon
  3199 | D:5      | Slain by a necrophage

Illustrated notes

Levels and vault maps discovered:
D:1:      nzn_arrival_crosshair, layout_loops_ring
D:2:      minmay_general_purpose_star, layout_basic, serial_shops,
          nicolae_lakefront_shop
D:3:      cheibrodos_helix_gallery, layout_rooms
D:4:      layout_cave_pools, mainiacjoe_overflow_alcove_2,
          nicolae_overflow_crystal_walls, uniq_duvessa, uniq_sigmund
D:5:      layout_loops_corners, grunt_temple_overflow_lords_of_destruction,
          ebering_ghost_reflecting_pool

Skill      XL: |  1  2  3  4  5 |
---------------+----------------+-----
Stealth        | 2 3 |  3.0
Dodging        | 3 |  3.8
Spellcasting   | 3 |  3.3

Action                   |  1- 3 |  4- 6 || total
-------------------------+-------+-------++-------
Melee: Unarmed           |     1 |       ||     1
 Cast: Foxfire           |   126 |   141 ||   267
  Use: Scroll            |     8 |       ||     8
Armor: Robe              |     4 |     1 ||     5
Dodge: Dodged            |    10 |     6 ||    16

Table legend: (Time is in decaauts)
 A = Elapsed time spent in this place.
 B = Non-inter-level travel time spent in this place.
 C = Inter-level travel time spent in this place.
 D = Time resting spent in this place.
 E = Time spent auto-exploring this place.
 F = Levels seen in this place.
 G = Mean time per level.
                   A        B        C        D        E       F      G
               +--------+--------+--------+--------+--------+-----+--------+
         Total |   3197 |   2925 |    272 |      0 |   2333 |   5 |  639.4 |
       Dungeon |   3197 |   2925 |    272 |      0 |   2333 |   5 |  639.4 |
               +--------+--------+--------+--------+--------+-----+--------+

Top non-repeatable levels by time:
     D:2: 1232 daAuts
     D:3: 939 daAuts
     D:1: 865 daAuts
     D:5: 146 daAuts
     D:4: 14 daAuts
